 Dungeon Crawl Stone Soup version 0.30.1-11-g7821555f0a (webtiles) character file.

Game seed: 8384614922104466557

1721764 Woods the Acrobat (level 27, 228/228 HPs)
             Began as a Djinni Conjurer on Nov 6, 2023.
             Was the Champion of Ashenzari.
             Escaped with the Orb
             ... and 3 runes on Nov 7, 2023!
             The game lasted 04:49:00 (63153 turns).

Woods the Acrobat (Djinni Conjurer)                Turns: 63153, Time: 04:49:00

Health: 228/228    AC: 12    Str:  8    XL:     27
Gold:   7226       EV: 25    Int: 37    God:    Ashenzari [******] SH: 30 Dex: 15

rFire   + + .        G - +8 arc blade {discharge, rElec, Self, Evo} (curse)
rCold   + + .        f - +1 tower shield "Sorrow of Ashenzari" {reflect, Range, Melee} (curse)
rNeg    + . .        P - +0 troll leather armour "Share My Seeker" {Regen+, Fort, Self} (curse)
rPois   ∞            R - +2 hat "Boredom of Ashenzari" {Stlth+, Self, Cun} (curse)
rElec   +            i - scarf of the Shattered Sun {rC+ rF+, Self, Fort} (curse)
rCorr   .            N - +0 pair of gloves of the Wild Blue Yonder {Fort, Self} (curse)
SInv    +            (boots unavailable)
Will    ++...        Q - amulet "Perceptive Pragmatism" {Reflect SH+5, Self, Melee} (curse)
Stlth   +++          w - ring of Ouranomancy {rC+ rN+ Dex+2, Cun, Self} (curse)
HPRegen 1.38/turn    t - ring of the Ensconced Welkin {rPois rF- rC+ Int+6, Evo, Self} (curse)
MPRegen 0.00/turn

%: reflection, clarity
@: flying, studying Invocations
A: sickness immunity, fire resistance 2, cold vulnerability 1, float, innate
caster, HP casting, extra vitality 1, evolution 1
0: Orb of Zot
}: 3/15 runes: barnacled, silver, gossamer
a: Renounce Religion, Shatter the Chains


You escaped.
You worshipped Ashenzari.
Ashenzari was exalted by your worship.
You visited 10 branches of the dungeon, and saw 46 of its levels.
You also visited: Trove, Sewer and Ice Cave.

You collected 8105 gold pieces.
You spent 879 gold pieces at shops.

Inventory:

Hand Weapons
 E - a +1 halberd of flaming
 G - the cursed +8 arc blade (weapon) {discharge, rElec, Self, Evo}
   (You found it on level 1 of the Spider Nest)

   rElec:     It insulates you from electricity.
   It has a curse which improves the following skills: Introspection: Fighting
   and Spellcasting.
   Evocations: Evocations.
Missiles
 k - 10 throwing nets
Armour
 a - the +1 pair of gloves of Darkness {rF+ rC+ rN+}
   (You found it in a treasure trove)

   rF:        It protects you from fire.
   rC:        It protects you from cold.
   rN:        It protects you from negative energy.
 f - the cursed +1 tower shield "Sorrow of Ashenzari" (worn) {reflect, Range, Melee}
   (You found it in a treasure trove)

   It has a curse which improves the following skills: Ranged Combat: Ranged
   Weapons and Throwing.
   Melee Combat: Short Blades, Long Blades, Axes, Maces & Flails, Polearms,
   Staves and Unarmed Combat.
 i - the cursed scarf of the Shattered Sun (worn) {rC+ rF+, Self, Fort}
   (You found it on level 1 of the Lair of Beasts)

   It has a curse which improves the following skills: Introspection: Fighting
   and Spellcasting.
   Fortitude: Armour and Shields.
 N - the cursed +0 pair of gloves of the Wild Blue Yonder (worn) {Fort, Self}
   (You found it on level 11 of the Dungeon)

   It has a curse which improves the following skills: Fortitude: Armour and
   Shields.
   Introspection: Fighting and Spellcasting.
 P - the cursed +0 troll leather armour "Share My Seeker" (worn) {Regen+, Fort, Self}
   (You found it on level 11 of the Dungeon)

   Regen:     It increases your rate of health regeneration.
   It has a curse which improves the following skills: Fortitude: Armour and
   Shields.
   Introspection: Fighting and Spellcasting.
 R - the cursed +2 hat "Boredom of Ashenzari" (worn) {Stlth+, Self, Cun}
   (You found it on level 2 of the Orcish Mines)

   It has a curse which improves the following skills: Introspection: Fighting
   and Spellcasting.
   Cunning:   Dodging and Stealth.
Jewellery
 h - the amulet of Axod Raul {RegenMP Int+5}
   (You took it off a vault guard on level 5 of the Vaults)

   [amulet of magic regeneration]

   It increases your rate of magic regeneration.
   Int:       It affects your intelligence (+5).
 p - a +5 ring of evasion
 t - the cursed ring of the Ensconced Welkin (right hand) {rPois rF- rC+ Int+6, Evo, Self}
   (You found it on level 4 of the Dungeon)

   [ring of intelligence]

   Int:       It affects your intelligence (+6).
   rF:        It makes you vulnerable to fire.
   rC:        It protects you from cold.
   rPois:     It protects you from poison.
   It has a curse which improves the following skills: Evocations: Evocations.
   Introspection: Fighting and Spellcasting.
 w - the cursed ring of Ouranomancy (left hand) {rC+ rN+ Dex+2, Cun, Self}
   (You found it on level 5 of the Dungeon)

   [ring of protection from cold]

   Dex:       It affects your dexterity (+2).
   rC:        It protects you from cold.
   rN:        It protects you from negative energy.
   It has a curse which improves the following skills: Cunning: Dodging and
   Stealth.
   Introspection: Fighting and Spellcasting.
 y - a ring of protection from fire
 H - the ring of Cawaf {Wiz rPois rN+ Int+3 SInv Stlth-}
   (You found it on level 1 of the Depths)

   [ring of wizardry]

   It improves your spell success rate.
   Int:       It affects your intelligence (+3).
   rPois:     It protects you from poison.
   rN:        It protects you from negative energy.
   SInv:      It lets you see invisible.
   Stlth:     It makes you less stealthy.
 Q - the cursed amulet "Perceptive Pragmatism" (around neck) {Reflect SH+5, Self, Melee}
   (You found it on level 3 of the Lair of Beasts)

   [amulet of reflection]

   It reflects blocked missile attacks.
   SH:        It affects your SH (+5).
   It has a curse which improves the following skills: Introspection: Fighting
   and Spellcasting.
   Melee Combat: Short Blades, Long Blades, Axes, Maces & Flails, Polearms,
   Staves and Unarmed Combat.
 T - a +4 ring of protection
 V - the ring of Yrur {rPois rC+ rN+ Str-3}
   (You found it on level 2 of the Shoals)

   [ring of protection from cold]

   Str:       It affects your strength (-3).
   rC:        It protects you from cold.
   rPois:     It protects you from poison.
   rN:        It protects you from negative energy.
 W - the ring "Lauvawie" {rCorr Slay+6}
   (You found it in an ice cave)

   [ring of resist corrosion]

   Slay:      It affects your accuracy & damage with ranged weapons and melee
   (+6).
   rCorr:     It protects you from acid and corrosion.
 X - a +6 ring of dexterity
 Y - a +5 ring of evasion
Wands
 b - a wand of charming (33)
 l - a wand of flame (151)
 A - a wand of digging (16)
 J - a wand of iceblast (28)
 M - a wand of polymorph (21)
 O - a wand of mindburst (45)
 S - a wand of acid (7)
Scrolls
 j - 9 scrolls of enchant weapon
 n - 5 scrolls of fog
 o - 18 scrolls of teleportation
 q - 9 scrolls of vulnerability
 u - 4 scrolls of blinking
 v - 6 scrolls of poison
 x - 4 scrolls of immolation
 C - 8 scrolls of enchant armour
 D - 5 scrolls of magic mapping
 K - 9 scrolls of fear
 Z - 7 scrolls of silence
Potions
 c - 6 potions of haste
 d - 4 potions of heal wounds
 e - 20 potions of curing
 g - 9 potions of lignification
 m - 7 potions of attraction
 r - 3 potions of mutation
 s - 7 potions of cancellation
 z - 8 potions of might
 B - 7 potions of brilliance
 F - 3 potions of berserk rage
 I - 7 potions of ambrosia
 L - 9 potions of resistance
 U - 5 potions of invisibility


   Skills:
 - Level 19.1(27) Fighting
 + Level 18.5(23.0) Armour
 + Level 23.2(26.3) Dodging
 - Level 17.0(20.4) Stealth
 + Level 21.5(25.8) Shields
 - Level 19.1(27) Spellcasting


You knew the following spells:

 Your Spells              Type           Power      Damage    Failure   Level
a - Magic Dart            Conj           100%       1d8       0%          1
b - Searing Ray           Conj           100%       2d8       0%          2
c - Dazzling Flash        Conj/Hex       100%       N/A       0%          3
d - Fulminant Prism       Conj/Hex       64%        3d26      0%          4
e - Iskenderun's Mystic   Conj/Tloc      100%       2d19      0%          4
f - Summon Small Mammal   Summ           100%       N/A       0%          1
g - Passwall              Tmut/Erth      100%       N/A       0%          2
h - Gell's Gravitas       Tloc           100%       N/A       0%          3
i - Volatile Blastmotes   Fire/Tloc      100%       2d18      0%          3
j - Lee's Rapid Deconstr  Erth           64%        3d29*     0%          5
k - Summon Mana Viper     Hex/Summ       100%       N/A       0%          5
l - Conjure Ball Lightni  Conj/Air       64%        3x3d23    0%          6
m - Malign Gateway        Summ/Tloc      64%        N/A       0%          7
n - Ozocubu's Refrigerat  Ice            64%        4d21      0%          7
o - Spellforged Servitor  Conj/Summ      64%        N/A       0%          7
p - Summon Horrible Thin  Summ           64%        N/A       1%          8
q - Lehudib's Crystal Sp  Conj/Erth      64%        10d15     1%          8
r - Dragon's Call         Summ           64%        N/A       1%          9
Your spell library was empty.

Dungeon Overview and Level Annotations

Branches:
Dungeon (15/15)            Temple (1/1) D:4            Lair (5/5) D:8
 Shoals (4/4) Lair:3       Spider (4/4) Lair:3        Slime (0/5) Lair:4
    Orc (2/2) D:11            Elf (0/3) Orc:2        Vaults (5/5) D:14
  Crypt (0/3) Vaults:2     Depths (4/4) D:15           Hell (visited)
    Zot (5/5) Depths:4      Sewer (visited)           IceCv (visited)
    Dis: Hell:1         Geh: Hell:1         Coc: Hell:1         Tar: Hell:1

Altars:
Ashenzari
Cheibriados
Dithmenos
Elyvilon
Fedhas
Gozag
Hepliaklqana
Makhleb
Nemelex Xobeh
Okawaru
Qazlal
Ru
Trog
Uskayaw
Wu Jian
Xom
Yredelemnul
Zin
The Shining One
Jiyva

Shops:
D:12 :   D:15 [   Orc:1 ?   Orc:2 (!*(   Shoals:2 *[   Shoals:4 *   Vaults:2 *
Vaults:4 =   Vaults:5 =   Depths:1 [   Depths:2 (

Portals:
Hell: Depths:1 Depths:2 Depths:3 Depths:4
Abyss: Depths:3
Pandemonium: Depths:1 Depths:2
Ziggurat: Depths:3

Annotations:
D:7 1 runed translucent door, middlethird's ghost, novice VSEE
D:8 1 transporter, Rem's ghost, novice OpCj
D:11 3 runed translucent doors, exclusion: orange crystal statue
D:13 2 transporters, Irphioq's ghost, journeyman MiMo
Shoals:1 3 runed translucent doors, middlethird's ghost, adept VSMo
Shoals:2 exclusion: kraken
Shoals:3 2 transporters, pkoi's ghost, journeyman DrMo
Zot:1 exclusion: orb of fire


Innate Abilities, Weirdness & Mutations

You are immune to sickness and miasma.
You are immune to poison.
Your flesh is very heat resistant. (rF++)
You are vulnerable to cold. (rC-)
You float through the air rather than walking.
You learn spells naturally, not from books.
Your magical power is your life essence.
You have superior vitality. (+4 MHP)
You have hidden genetic potential.


Message History

Confirm with . or Enter, or press ? or * to list all spells.
Okay, then.
There is a stone staircase leading up here.
You fly upwards.
Your summoned ally is left behind.
There is a stone staircase leading down here.
(D) Dungeon (T) Temple (L) Lair (A) Shoals (N) Spider Nest (M) Slime Pits (O) Orcish Mines (E) Elven Halls (V) Vaults (C) Crypt (U) Depths (H) Hell (Z) Zot
Where to? (Enter - D:1 @ (x,y), ? - help)
What level of the Dungeon? (default 1, ? - help)
There is a stone staircase leading up here.
You fly upwards.
There is a stone staircase leading down here.
You see here a +0 club.
There is a stone staircase leading up here.
You fly upwards.
There is a stone staircase leading down here.
A shadow demon comes into view.
There is a stone staircase leading up here.
You fly upwards.
There is a stone staircase leading down here.
There is a stone staircase leading up here.
You fly upwards.
There is a stone staircase leading down here.
(D) Dungeon (T) Temple (L) Lair (A) Shoals (N) Spider Nest (M) Slime Pits (O) Orcish Mines (E) Elven Halls (V) Vaults (C) Crypt (U) Depths (H) Hell (Z) Zot
Where to? (Enter - D:1 @ (x,y), ? - help)
Okay, then.
Unknown command.
Unknown command.
You reach down and open the gate.
There is an open gate here.
There is a staircase leading out of the dungeon here.
Your +1 tower shield of reflection glows black for a moment.
Unknown command.
You can't go down here!
You have escaped!

#.#.#####.#.......#
............>######
###.###......###
....##....##...##
#.........#..#..######
#.........#.##.......#
#.......###..##'''##.#
#...#........#.....#.#
#............#..@..#.#
#............#.....#.#
#....######..#.....#.##
.....######..##'''##..#
#...###...............#
#...# #........######.#
#...###......### #...#
#.....#......# #.###
......#......# #.#


There were no monsters in sight!

Vanquished Creatures
  Tiamat (Zot:4)
  6 orbs of fire
  3 ancient liches
  A Killer Klown (Zot:2)
  Margery (Vaults:4)
  2 golden dragons
  A bone dragon (Depths:4)
  3 electric golems
  Jorgrun (Shoals:1)
  16 Orb Guardians
  8 tentacled monstrosities
  A lich (Depths:2)
  A titan (Vaults:5)
  A walking earthen tome (Zot:1)
  2 quicksilver dragons
  2 krakens
  A sphinx (Vaults:2)
  Frances (Spider:1)
  Kirke (Lair:5)
  4 death cobs
  9 storm dragons
  6 tengu reavers
  6 shadow dragons
  An azure jelly (Spider:2)
  8 draconian monks
  4 fire giants
  4 draconian knights
  A nargun (Zot:1)
  17 vault wardens
  2 iron dragons
  An emperor scorpion (Spider:3)
  A frost giant (Depths:3)
  A balrug (Depths:4)
  A deep elf sorcerer (Vaults:5)
  10 ghost moths
  2 draconian stormcallers (Zot:1)
  2 orc warlords
  5 draconian shifters
  4 ironbound preservers
  A caustic shrike zombie (Depths:2)
  6 stone giants
  A spriggan defender (Depths:2)
  8 very ugly things
  A draconian annihilator (Zot:4)
  6 ironbound thunderhulks
  Nessos (D:12)
  A vampire knight (Vaults:2)
  3 green draconians
  4 yellow draconians
  11 black draconians
  11 spark wasps
  A dire elephant (Vaults:3)
  6 red draconians
  6 purple draconians
  4 white draconians
  An eidolon (Vaults:2)
  An ettin (Vaults:5)
  2 fire dragons
  3 entropy weavers
  10 merfolk impalers
  14 yaktaur captains
  A jiangshi (Vaults:2)
  An entropy weaver (shapeshifter) (D:14)
  A crystal guardian (Vaults:4)
  Josephine (D:14)
  A peacekeeper (Vaults:4)
  17 vault guards
  3 great orbs of eyes
  A quicksilver dragon skeleton (D:15)
  6 ice dragons
  A rakshasa (Depths:3)
  7 hydras
  An alligator snapping turtle (Shoals:4)
  11 centaur warriors
  A jorogumo (Spider:1)
  2 radroaches
  A hell beast (Depths:4)
  5 spriggan air magi
  A death knight (D:14)
  4 boulder beetles
  An anaconda (Lair:5)
  A catoblepas (Lair:3)
  9 ironbound frosthearts
  A merfolk aquamancer (Shoals:1)
  An alligator (Lair:5)
  4 two-headed ogres
  4 deep troll shamans
  2 dancing weapons (Zot:1)
  2 satyrs (Shoals:3)
  5 deep troll earth magi
  4 spriggan berserkers
  A titan zombie (Depths:2)
  3 orc high priests (Orc:2)
  3 soul eaters
  7 hell knights
  2 pharaoh ants
  A fire crab (Lair:3)
  5 skysharks
  A flayed ghost (D:15)
  A sixfirhy (Depths:2)
  2 skeletal warriors
  19 deep trolls
  5 iron trolls
  8 sea snakes
  2 glowing orange brains
  A steelbarb worm (Spider:2)
  15 ironbound convokers
  6 lindwurms
  9 orc knights
  2 phantasmal warriors
  13 harpies
  4 orb spiders
  2 deep elf pyromancers
  A harpy (shapeshifter) (D:14)
  10 wizards
  4 necromancers
  An oklob plant (Lair:5)
  4 cyclopes
  A shining eye (shapeshifter) (Vaults:5)
  A deep elf zephyrmancer (Orc:2)
  3 orc sorcerers (Orc:2)
  10 fauns
  9 wolf spiders
  3 rust devils (Depths:2)
  22 ugly things
  10 manticores
  7 black mambas
  15 moths of wrath
  7 merfolk sirens
  A guardian serpent (shapeshifter) (Vaults:5)
  2 fire giant skeletons (D:15)
  12 vault sentinels
  4 water nymphs
  A guardian serpent (Lair:5)
  Joseph (D:9)
  4 elephants (Lair:5)
  7 demonic crawlers
  2 torpor snails
  A cane toad (shapeshifter) (D:14)
  An unseen horror (D:10)
  19 yaktaurs
  20 cane toads
  A gargoyle (D:11)
  6 storm dragon simulacra (IceCv)
  4 komodo dragons
  3 rime drakes
  2 tengu conjurers
  5 golden dragon simulacra (IceCv)
  4 freezing wraiths
  A guardian mummy (D:15)
  5 trolls
  17 merfolk
  A meliai (D:14)
  19 tarantellas
  10 polar bears
  A hornet (shapeshifter) (D:15)
  2 hellwings (Depths:2)
  2 raiju (Lair:5)
  6 hornets
  A wind drake (Shoals:4)
  8 snapping turtles
  15 blink frogs
  15 dream sheep
  A fire giant simulacrum (Depths:2)
  3 water elementals
  18 jumping spiders
  22 slime creatures
  5 culicivoras
  A centaur simulacrum (D:15)
  6 wraiths
  A shadow (D:12)
  19 yaks
  3 spriggans
  A vampire (D:13)
  A golden eye (shapeshifter) (D:15)
  13 wyverns
  7 basilisks
  3 steam dragons
  5 hogs (Lair:5)
  17 vampire mosquitoes
  A chaos spawn (D:14)
  3 wargs (Lair:5)
  46 redbacks
  An acid dragon (D:14)
  2 glowing shapeshifter zombies
  Duvessa (D:5)
  32 orc warriors
  15 water moccasins
  13 hell hounds (Lair:5)
  A swamp drake (Orc:2)
  14 black bears
  2 sky beasts
  10 ogres
  An ice beast (D:6)
  3 ice dragon simulacra (IceCv)
  21 wolves
  11 centaurs
  A phantom (D:4)
  12 kobold brigands
  3 gnoll sergeants
  Blork the orc (D:5)
  10 bullfrogs
  4 scorpions
  13 wights
  Dowan (D:5)
  4 lindwurm simulacra (IceCv)
  9 howler monkeys
  A howler monkey (shapeshifter) (Vaults:5)
  5 electric eels
  A crimson imp (Orc:2)
  16 orc priests
  9 hounds
  4 gnoll boudas
  An iron imp (Orc:2)
  A jelly (D:6)
  4 iguanas
  Terence (D:2)
  26 orc wizards
  A sleepcap (D:7)
  29 gnolls
  11 river rats
  13 adders
  2 worms
  2 worms (shapeshifter)
  3 dart slugs
  85 orcs
  6 ball pythons
  3 endoplasms
  A giant cockroach (D:4)
  5 goblins
  5 hobgoblins
  4 jackals (D:1)
  6 quokkas
  7 bats
  3 frilled lizards
  16 kobolds
  8 rats
  A ball lightning (Vaults:3)
  7 fulminant prisms
  2 tentacles (Shoals:4)
1417 creatures vanquished.

Vanquished Creatures (collateral kills)
  5 orbs of fire (Zot:5)
  3 ancient liches
  A dread lich (Vaults:5)
  A juggernaut (Depths:3)
  Sojobo (Depths:4)
  3 Killer Klowns
  Parghit (Zot:4)
  A curse toe (Zot:5)
  Geryon (Hell)
  7 golden dragons
  Nikola (Vaults:2)
  2 bone dragons (Depths:4)
  An electric golem (Zot:1)
  2 Tzitzimimeh
  A hellephant (Zot:1)
  13 tentacled monstrosities
  2 titans (Vaults:5)
  10 Orb Guardians (Zot:5)
  A lich (Vaults:5)
  2 quicksilver dragons
  3 death cobs
  3 walking divine tomes (Zot:1)
  A walking frostbound tome (Zot:1)
  Polyphemus (Shoals:4)
  4 eldritch tentacles
  2 Executioners
  4 tengu reavers
  13 storm dragons
  3 sphinxes
  6 shadow dragons
  2 narguns (Zot:1)
  2 iron dragons
  5 draconian monks
  8 fire giants
  A fire giant (shapeshifter) (Vaults:5)
  2 frost giants (Depths:3)
  Aizul (Vaults:1)
  7 draconian knights
  7 vault wardens
  Louise (Depths:3)
  6 draconian scorchers
  4 ghost moths (Spider:4)
  A cacodemon (Depths:1)
  3 draconian shifters
  8 draconian stormcallers
  8 draconian annihilators
  An orc warlord (Vaults:3)
  3 spriggan defenders (Depths:2)
  9 ironbound preservers
  6 stone giants
  A deep elf demonologist (Vaults:5)
  8 green draconians
  5 ironbound thunderhulks
  A vampire knight (Depths:3)
  11 very ugly things
  2 dire elephants (Vaults:3)
  4 purple draconians
  9 black draconians
  4 spark wasps (Depths:3)
  21 red draconians
  9 white draconians
  15 yellow draconians
  A crystal guardian (Vaults:4)
  A deep elf death mage (Vaults:5)
  A blizzard demon (Hell)
  2 merfolk impalers
  3 ettins (Vaults:5)
  A merfolk javelineer (Shoals:4)
  A fire dragon (Depths:1)
  An entropy weaver (Spider:3)
  5 yaktaur captains
  4 ice dragons
  A great orb of eyes (Vaults:4)
  A spriggan air mage (Depths:2)
  A rakshasa (Depths:1)
  19 vault guards
  2 centaur warriors (Vaults:3)
  2 jorogumos (Spider:3)
  3 alligator snapping turtles (Shoals:4)
  A radroach (Spider:4)
  A boulder beetle (Vaults:1)
  3 ironbound frosthearts
  A merfolk avatar (Shoals:4)
  A catoblepas (Shoals:4)
  An ogre mage (Vaults:5)
  A satyr (shapeshifter) (Vaults:5)
  2 dancing weapons (Zot:1)
  2 vampire magi (Depths:2)
  4 death yaks (Shoals:4)
  A deep troll earth mage (Depths:1)
  2 spriggans (Depths:1)
  A spriggan berserker (Depths:2)
  A soul eater (D:15)
  6 hell knights
  2 sun demons
  6 iron trolls
  2 pharaoh ants (Spider:3)
  A quicksilver dragon simulacrum (Depths:4)
  A shadow demon (Depths:2)
  3 sea snakes
  A flayed ghost (Depths:1)
  2 steelbarb worms
  29 deep trolls
  2 phantasmal warriors (Vaults:5)
  3 wizards
  3 glowing orange brains
  3 orb spiders
  2 orange crystal statues
  A deep elf zephyrmancer (Orc:2)
  2 necromancers (Vaults:4)
  A deep elf pyromancer (D:13)
  5 orc knights
  6 wolf spiders
  6 ironbound convokers
  5 ugly things
  3 harpies (Shoals:4)
  14 moths of wrath
  A faun (Shoals:3)
  A cyclops (D:15)
  4 manticores
  A black mamba (Lair:5)
  4 vault sentinels
  A guardian serpent (Depths:1)
  2 demonic crawlers
  5 merfolk sirens
  2 torpor snails
  2 water nymphs
  An orange demon (Depths:1)
  A cane toad (shapeshifter) (Vaults:5)
  A komodo dragon (Lair:1)
  22 yaktaurs
  2 tengu conjurers (Depths:1)
  An ice devil (Hell)
  A golden dragon simulacrum (IceCv)
  8 merfolk
  2 hellwings (Depths:2)
  A hornet (shapeshifter) (Shoals:3)
  A red devil (Depths:1)
  7 tarantellas
  A wind drake (Shoals:4)
  2 hornets (Depths:1)
  A raiju (Lair:5)
  A snapping turtle (shapeshifter) (Vaults:5)
  6 slime creatures
  A snapping turtle (Shoals:4)
  6 jumping spiders
  4 culicivoras
  A ynoxinul (Depths:2)
  5 water elementals
  A vampire mosquito (D:13)
  A chaos spawn (Depths:1)
  13 redbacks
  A warg (Lair:5)
  A hell hound (Lair:5)
  2 ice dragon simulacra (IceCv)
  An orc wizard (D:11)
  A white imp (Orc:2)
  An orc (Orc:2)
  54 ball lightnings
  2 tentacles (Shoals:2)
631 creatures vanquished.

Vanquished Creatures (others)
  207 eldritch tentacles
  An ironbound preserver (Vaults:5)
  A glowing orange brain (Depths:3)
  A deep troll (Vaults:4)
  A wolf spider (Spider:4)
  A jumping spider (Spider:2)
  A shapeshifter (Zot:2)
  2 orc wizards
  A shadow imp (Orc:2)
  An orc (Orc:2)
  460 ball lightnings
  A fire vortex (Hell)
  496 fulminant prisms
  12 tentacles
1186 creatures vanquished.

Grand Total: 3234 creatures vanquished

Notes
Turn   | Place    | Note
-------+----------+-------------------------------------------
     0 | D:1      | Woods the Djinni Conjurer began the quest for the Orb.
     0 | D:1      | Woods set off with the following spells memorised: Magic
                  | Dart, Searing Ray, Dazzling Flash, Fulminant Prism,
                  | Iskenderun's Mystic Blast.
     0 | D:1      | Reached XP level 1. HP: 15/15 MP: 0/0
   198 | D:1      | Reached XP level 2. HP: 19/22 MP: 0/0
   660 | D:2      | Reached XP level 3. HP: 24/26 MP: 0/0
   660 | D:2      | Learned a level 1 spell: Summon Small Mammal
   746 | D:2      | Reached skill level 1 in Fighting
   807 | D:2      | You are sucked into a shaft and drop 1 floor!
   885 | D:2      | Noticed Terence
  1147 | D:2      | Reached XP level 4. HP: 29/32 MP: 0/0
  1373 | D:2      | Killed Terence
  1374 | D:2      | Reached skill level 3 in Dodging
  1374 | D:2      | Reached XP level 5. HP: 29/37 MP: 0/0
  1374 | D:2      | Learned a level 2 spell: Passwall
  1926 | D:3      | Reached XP level 6. HP: 28/43 MP: 0/0
  2489 | D:4      | Identified the ring of Etsatz {rPois rF- rC+ Int+6}
  2495 | D:4      | Found a staircase to the Ecumenical Temple.
  2660 | D:4      | Reached XP level 7. HP: 41/49 MP: 0/0
  2660 | D:4      | Learned a level 3 spell: Gell's Gravitas
  2771 | D:4      | Reached skill level 4 in Dodging
  2979 | Temple   | Entered the Ecumenical Temple
  3923 | D:5      | Entered Level 5 of the Dungeon
  3938 | D:5      | Reached skill level 5 in Spellcasting
  4070 | D:5      | Reached XP level 8. HP: 50/56 MP: 0/0
  4175 | D:5      | Identified the +1 dagger "Nihetroit" {chaos, Will+ Dex+3}
  4663 | D:5      | Identified the ring "Piomafasm" {rC+ rN+ Dex+2}
  4890 | D:5      | Reached skill level 5 in Dodging
  4933 | D:5      | Noticed Dowan
  5113 | D:5      | Noticed Duvessa
  5127 | D:5      | Killed Duvessa
  5134 | D:5      | Killed Dowan
  5333 | D:5      | Noticed Blork the orc
  5338 | D:5      | Killed Blork the orc
  5539 | D:5      | Reached XP level 9. HP: 58/63 MP: 0/0
  5539 | D:5      | Learned a level 3 spell: Volatile Blastmotes
  5864 | D:6      | Found a broken altar of Ashenzari.
  5870 | D:6      | Became a worshipper of Ashenzari the Shackled
  5974 | D:6      | Found a glowing golden altar of the Shining One.
  6100 | D:6      | Reached skill level 6 in Dodging
  6147 | D:6      | Reached skill level 5 in Fighting
  6173 | D:6      | Found a glowing drain.
  6178 | Sewer    | Entered a sewer
  6306 | Sewer    | Reached skill level 5 in Stealth
  7180 | D:6      | Identified the +2 sling of Disgust {freeze, rF+ Dex+2
                  | Stlth+}
  7578 | D:7      | Reached XP level 10. HP: 49/72 MP: 0/0
  7768 | D:7      | Found a burning altar of Makhleb.
  8140 | D:7      | Found a hide-covered altar of Uskayaw.
  8149 | D:7      | Found an ornate altar of the Wu Jian Council.
  8225 | D:7      | Noticed middlethird's ghost (novice VSEE)
  8242 | D:7      | Found a runed translucent door.
  9326 | D:8      | Found a staircase to the Lair.
  9749 | D:8      | HP: 3/73 [hornet (14)]
 10075 | D:8      | Found a transporter.
 10078 | D:8      | Noticed Rem's ghost (novice OpCj)
 10082 | D:8      | Identified the +11 great mace of Utycs {elec, Fly Dex+4
                  | SInv}
 10082 | D:8      | Noticed a two-headed ogre
 10838 | D:9      | Noticed Joseph
 11067 | D:9      | Killed Joseph
 11136 | D:9      | Reached XP level 11. HP: 35/79 MP: 0/0
 11136 | D:9      | Learned a level 5 spell: Lee's Rapid Deconstruction
 11941 | D:9      | Reached skill level 10 in Spellcasting
 12146 | D:9      | Found a hazy altar of Hepliaklqana.
 12188 | D:10     | Entered Level 10 of the Dungeon
 12408 | D:10     | Reached skill level 1 in Armour
 12493 | D:10     | Found an opulent altar of Gozag.
 12763 | D:11     | Noticed a two-headed ogre
 12855 | D:11     | Noticed a cyclops
 12866 | D:11     | Killed a cyclops
 13028 | D:11     | Noticed a brown ugly thing
 13029 | D:11     | Killed a two-headed ogre
 13033 | D:11     | Killed a brown ugly thing
 13219 | D:11     | Noticed a two-headed ogre
 13235 | D:11     | Killed a two-headed ogre
 13236 | D:11     | Reached skill level 7 in Dodging
 13634 | D:11     | Found a runed translucent door.
 13649 | D:11     | Found a runed translucent door.
 13662 | D:11     | Found a runed translucent door.
 13682 | D:11     | Found a runed translucent door.
 13779 | D:11     | Found a staircase to the Orcish Mines.
 13789 | D:11     | Reached XP level 12. HP: 59/88 MP: 0/0
 14814 | D:12     | Reached skill level 8 in Dodging
 14893 | D:12     | Noticed a two-headed ogre
 14899 | D:12     | Killed a two-headed ogre
 14974 | D:12     | Reached skill level 5 in Armour
 15006 | D:12     | Noticed Nessos
 15180 | D:12     | Found Moat Qemooff's Tremendous Tomes.
 15617 | Lair:1   | Entered Level 1 of the Lair of Beasts
 15687 | Lair:1   | Reached skill level 10 in Fighting
 15737 | Lair:1   | Reached skill level 9 in Dodging
 15789 | Lair:1   | Reached XP level 13. HP: 65/97 MP: 0/0
 15789 | Lair:1   | Learned a level 5 spell: Summon Mana Viper
 16761 | Lair:2   | Reached * piety under Ashenzari
 16761 | Lair:2   | Identified a scroll of acquirement
 16977 | Lair:3   | Found a hole to the Spider Nest.
 16989 | Lair:3   | Found a staircase to the Shoals.
 17003 | Lair:3   | Noticed a five-headed hydra
 17011 | Lair:3   | Killed a five-headed hydra
 17019 | Lair:3   | Noticed an eight-headed hydra
 17020 | Lair:3   | Reached skill level 10 in Stealth
 17029 | Lair:3   | Killed an eight-headed hydra
 17065 | Lair:3   | Noticed a four-headed hydra
 17073 | Lair:3   | Killed a four-headed hydra
 17186 | Lair:3   | Noticed a catoblepas
 17296 | Lair:3   | Killed a catoblepas
 17454 | Lair:3   | Acquired a manual of Shields
 18277 | Lair:4   | Reached XP level 14. HP: 91/107 MP: 0/0
 18617 | Lair:4   | Found a staircase to the Slime Pits.
 18618 | Lair:4   | Found a viscous altar of Jiyva.
 19055 | Lair:5   | Entered Level 5 of the Lair of Beasts
 19141 | Lair:5   | Noticed Kirke
 19253 | Lair:5   | Killed Kirke
 19762 | Lair:5   | Reached skill level 1 in Shields
 19791 | Lair:5   | Reached XP level 15. HP: 110/113 MP: 0/0
 19791 | Lair:5   | Learned a level 6 spell: Conjure Ball Lightning
 19975 | Lair:5   | Reached ** piety under Ashenzari
 20671 | Lair:5   | Identified Puiwudwu's Secrets of the Shifting Atmosphere
 20786 | D:10     | Identified Puiwudwu's Secrets of the Shifting Atmosphere
 20834 | Orc:1    | Entered Level 1 of the Orcish Mines
 20911 | Orc:1    | Reached *** piety under Ashenzari
 21033 | Orc:2    | Entered Level 2 of the Orcish Mines
 21033 | Orc:2    | Found a staircase to the Elven Halls.
 21196 | Orc:1    | Found Zyxt's Magic Scroll Shoppe.
 21202 | Orc:1    | Bought a scroll of fog for 56 gold pieces
 21202 | Orc:1    | Bought a scroll of teleportation for 42 gold pieces
 21202 | Orc:1    | Bought a scroll of teleportation for 42 gold pieces
 21202 | Orc:1    | Bought a scroll of teleportation for 42 gold pieces
 21915 | Orc:2    | Reached skill level 5 in Shields
 21929 | Orc:2    | Reached skill level 10 in Dodging
 21991 | Orc:2    | Found Fererug's Antique Weapon Boutique.
 21991 | Orc:2    | Found Fil Enonej's Weapon Shoppe.
 21993 | Orc:2    | Found Tomes's General Store.
 21993 | Orc:2    | Found Atafec's Distillery.
 22431 | D:13     | Found a transporter.
 22440 | D:13     | Identified the +1 leather armour of the Minstrel {+Blink
                  | Fly rC++}
 22576 | D:13     | Found a bloodstained altar of Trog.
 22582 | D:13     | Found a transporter.
 22586 | D:13     | Noticed Irphioq's ghost (journeyman MiMo)
 22994 | D:13     | Found a hazy altar of Hepliaklqana.
 23846 | D:14     | Reached XP level 16. HP: 81/129 MP: 0/0
 24050 | D:14     | Noticed Josephine
 24056 | D:14     | Killed Josephine
 24364 | D:14     | Found a gate to the Vaults.
 24488 | D:15     | Entered Level 15 of the Dungeon
 24740 | D:15     | Found Rieb's Armour Shoppe.
 24848 | D:15     | Found a staircase to the Depths.
 24861 | D:15     | Reached skill level 15 in Spellcasting
 25852 | D:12     | Killed Nessos
 26024 | Shoals:1 | Entered Level 1 of the Shoals
 26075 | Shoals:1 | Noticed Jorgrun
 26080 | Shoals:1 | Killed Jorgrun
 26215 | Shoals:1 | Reached **** piety under Ashenzari
 26382 | Shoals:1 | Found a runed translucent gate.
 26382 | Shoals:1 | Found a runed translucent gate.
 26382 | Shoals:1 | Found a runed translucent gate.
 27057 | Shoals:1 | Noticed middlethird's ghost (adept VSMo)
 27210 | Shoals:2 | Identified the ring of Yrur {rPois rC+ rN+ Str-3}
 27240 | Shoals:2 | Reached XP level 17. HP: 120/139 MP: 0/0
 27240 | Shoals:2 | Learned a level 7 spell: Malign Gateway
 27472 | Shoals:2 | Noticed a kraken
 27497 | Shoals:2 | Killed a kraken
 27706 | Shoals:2 | Found Remah's Antique Armour Emporium.
 27807 | Shoals:2 | Found Jigaw's General Store.
 27813 | Shoals:2 | Bought a potion of haste for 150 gold pieces
 27813 | Shoals:2 | Bought a potion of invisibility for 120 gold pieces
 27813 | Shoals:2 | Bought a scroll of teleportation for 45 gold pieces
 27982 | Shoals:2 | Noticed a kraken
 28120 | Shoals:3 | Identified the +0 scale mail of the Slorg {rElec rF+ rCorr}
 28120 | Shoals:3 | Found a transporter.
 28141 | Shoals:3 | Noticed pkoi's ghost (journeyman DrMo)
 28218 | Shoals:3 | Reached ***** piety under Ashenzari
 28875 | Shoals:3 | Found a transporter.
 28880 | Shoals:3 | Identified the +3 robe of the Many Violins {-Tele rC+ rN+
                  | Int+2}
 28880 | Shoals:3 | Identified the +2 pair of gloves of Whack-A-Mole {Str+3}
 29357 | Shoals:4 | Entered Level 4 of the Shoals
 29444 | Shoals:4 | Reached skill level 11 in Dodging
 29948 | Shoals:4 | Acquired a manual of Dodging
 30225 | Shoals:4 | Noticed Polyphemus
 30238 | Shoals:4 | Killed Polyphemus
 30425 | Shoals:4 | Noticed a kraken
 30434 | Shoals:4 | Killed a kraken
 30474 | Shoals:4 | Got a barnacled rune of Zot
 30554 | Shoals:4 | Reached XP level 18. HP: 128/153 MP: 0/0
 30719 | Shoals:4 | Identified the Codex of Mutated Spellbinding
 30743 | Shoals:4 | Found Padghogi's General Store.
 30751 | Shoals:4 | Bought a scroll of teleportation for 36 gold pieces
 31237 | Spider:1 | Entered Level 1 of the Spider Nest
 31244 | Spider:1 | Identified the +4 dagger "Umpotenn" {holy, rPois Str+2}
 31290 | Spider:1 | Found the +8 arc blade {discharge, rElec}
 31318 | Spider:1 | Reached skill level 12 in Dodging
 31962 | Spider:1 | Noticed Frances
 31976 | Spider:1 | Killed Frances
 32676 | Spider:2 | Reached skill level 10 in Shields
 32889 | Spider:2 | Found a frozen archway.
 32898 | Spider:2 | Reached skill level 10 in Armour
 32910 | IceCv    | Entered an ice cave
 32988 | IceCv    | Reached skill level 13 in Dodging
 33240 | IceCv    | Noticed a golden dragon
 33339 | IceCv    | Killed a golden dragon
 33410 | IceCv    | Identified the ring "Lauvawie" {rCorr Slay+6}
 34217 | Spider:3 | Identified the +0 leather armour of Lesser Demons {rF-
                  | Int+4}
 34678 | Spider:3 | Reached XP level 19. HP: 143/160 MP: 0/0
 34678 | Spider:3 | Learned a level 7 spell: Ozocubu's Refrigeration
 35134 | Spider:3 | Reached skill level 14 in Dodging
 35542 | Spider:4 | Entered Level 4 of the Spider Nest
 36580 | Spider:4 | Got a gossamer rune of Zot
 36876 | Vaults:1 | Entered Level 1 of the Vaults
 36986 | Vaults:1 | Reached skill level 15 in Fighting
 36986 | Vaults:1 | Reached skill level 15 in Dodging
 37953 | Vaults:1 | Noticed Aizul
 37959 | Vaults:1 | Killed Aizul
 38538 | Vaults:2 | Reached skill level 16 in Dodging
 38639 | Vaults:2 | Reached XP level 20. HP: 117/171 MP: 0/0
 38643 | Vaults:2 | Found Cebirgh's Assorted Antiques.
 38652 | Vaults:2 | Bought a scroll of blinking for 247 gold pieces
 38652 | Vaults:2 | Bought a potion of lignification for 99 gold pieces
 38950 | Vaults:2 | Noticed Nikola
 38974 | Vaults:2 | Killed Nikola
 39732 | Vaults:2 | Reached skill level 17 in Dodging
 39962 | Vaults:2 | Found a staircase to the Crypt.
 40971 | Vaults:3 | Reached skill level 15 in Shields
 41061 | Vaults:3 | Reached XP level 21. HP: 158/180 MP: 0/0
 41061 | Vaults:3 | Learned a level 7 spell: Spellforged Servitor
 42293 | Vaults:4 | Noticed Margery
 42397 | Vaults:4 | Killed Margery
 42429 | Vaults:4 | Found a portal to a secret trove of treasure.
 42959 | Vaults:4 | Found Perpher's Jewellery Shoppe.
 43907 | Depths:1 | Entered Level 1 of the Depths
 44107 | Depths:1 | Found Ripitood's Armour Emporium.
 44134 | Depths:1 | Found a gateway to Hell.
 44134 | Depths:1 | Found a one-way gate leading to the halls of Pandemonium.
 44290 | Depths:1 | Reached XP level 22. HP: 191/191 MP: 0/0
 45051 | Depths:1 | Identified the ring of Cawaf {Wiz rPois rN+ Int+3 SInv
                  | Stlth-}
 45202 | Depths:1 | Identified the staff of earth "Unixt" {Str+3 SInv}
 46413 | Depths:2 | Found Gael Enn's Antique Weapon Shoppe.
 46742 | Depths:3 | Found a one-way gate to the infinite horrors of the Abyss.
 46744 | Depths:3 | Noticed Louise
 46922 | Depths:3 | Noticed a juggernaut
 47571 | Depths:3 | Noticed a golden dragon
 47771 | Depths:2 | Killed a golden dragon
 47772 | Depths:2 | Reached XP level 23. HP: 110/201 MP: 0/0
 47772 | Depths:2 | Learned a level 8 spell: Summon Horrible Things
 47977 | Depths:3 | Killed a juggernaut
 47997 | Depths:3 | Found a one-way gateway to a ziggurat.
 48217 | Depths:3 | Killed Louise
 48489 | Depths:4 | Entered Level 4 of the Depths
 48721 | Depths:4 | Noticed Sojobo
 48819 | Depths:4 | Reached skill level 18 in Dodging
 49273 | Depths:4 | Paralysed by an air elemental for 1 turns
 49282 | Depths:4 | Killed Sojobo
 49816 | Depths:4 | Found a gate to the Realm of Zot.
 50340 | Vaults:5 | Entered Level 5 of the Vaults
 50357 | Vaults:5 | Gained mutation: Your body sometimes deteriorates upon
                  | taking damage. [a shining eye]
 50428 | Vaults:5 | Identified the +9 short sword "Zaoha" {venom, Str+4 Dex+3
                  | Stlth-}
 50476 | Vaults:5 | Reached XP level 24. HP: 131/208 MP: 0/0
 50605 | Vaults:5 | Identified the ring of Vec Hog {EV+5 Int+7}
 51031 | Vaults:5 | Identified the amulet of Axod Raul {RegenMP Int+5}
 51189 | Vaults:5 | Reached skill level 19 in Dodging
 51194 | Vaults:5 | Identified the +5 ring mail "Rycinov" {rPois}
 51264 | Vaults:5 | Identified the +7 long sword "Oxef" {vamp, rElec}
 51396 | Vaults:5 | Noticed an ancient lich
 51400 | Vaults:5 | Killed an ancient lich
 51401 | Vaults:5 | Noticed an ancient lich
 51406 | Vaults:5 | Killed an ancient lich
 51638 | Vaults:5 | Noticed a dread lich
 51647 | Vaults:5 | Paralysed by a dread lich for 4 turns
 51648 | Vaults:5 | Killed a dread lich
 51873 | Vaults:5 | Noticed an ancient lich
 51904 | Vaults:5 | Killed an ancient lich
 51923 | Vaults:5 | Identified the ring of Wygud {rF- rN+ AC+4 Int+3 Dex+4}
 52191 | Vaults:5 | Found Emaixzat's Jewellery Shop.
 52462 | Vaults:5 | Identified the +4 scale mail "Xeguroege" {rN+ Int+3 Dex+6}
 52477 | Vaults:5 | Reached XP level 25. HP: 193/205 MP: 0/0
 52477 | Vaults:5 | Learned a level 8 spell: Lehudib's Crystal Spear
 52585 | Vaults:5 | Got a silver rune of Zot
 53179 | Zot:1    | Entered Level 1 of the Realm of Zot
 53289 | Zot:1    | Identified the Compilation of the Zealot
 53349 | Zot:1    | Identified the +8 hand axe of Path {flame, +Blink Int+2}
 53350 | Zot:1    | Identified the +7 double sword of Doyf {flame, rC+}
 53660 | Zot:1    | Noticed an orb of fire
 53929 | Zot:1    | Reached skill level 20 in Dodging
 54104 | Zot:1    | Reached skill level 15 in Stealth
 54253 | Zot:1    | Found a burning altar of Makhleb.
 54399 | Zot:1    | Identified Reyry's Compendium of Fire and Brimstone
 55127 | Zot:2    | Noticed an orb of fire
 55135 | Zot:2    | Killed an orb of fire
 55136 | Zot:2    | Reached skill level 15 in Armour
 55467 | Zot:2    | Noticed a Killer Klown
 55468 | Zot:2    | Noticed a Killer Klown
 55505 | Zot:2    | Killed a Killer Klown
 55506 | Zot:2    | Reached XP level 26. HP: 201/221 MP: 0/0
 55550 | Zot:2    | Killed a Killer Klown
 56287 | Zot:3    | Reached skill level 21 in Dodging
 57483 | Hell     | Entered the Vestibule of Hell
 57483 | Hell     | Noticed Geryon
 57491 | Hell     | Killed Geryon
 58538 | Vaults:4 | You paid a toll of the horn of Geryon to enter a treasure
                  | trove
 58539 | Trove    | Entered a treasure trove
 58550 | Trove    | Identified the +1 helmet of the Dwarven Hall {-Cast rF+
                  | Dex+3 SInv}
 58550 | Trove    | Identified the -1 helmet "Loit" {Dex+4}
 58550 | Trove    | Identified the +2 helmet of Ocreuwua {Dex+4 Slay+2}
 58600 | Trove    | Identified the +1 pair of gloves of Darkness {rF+ rC+ rN+}
 58623 | Trove    | Found the +2 pair of slick slippers {slick, slippery, EV+4}
 59298 | Zot:4    | Noticed Parghit
 59312 | Zot:4    | Killed Parghit
 59536 | Zot:4    | Found the +4 dragonskin cloak
 59536 | Zot:4    | Noticed Tiamat
 59542 | Zot:4    | Killed Tiamat
 59548 | Zot:4    | Reached XP level 27. HP: 130/228 MP: 0/0
 59548 | Zot:4    | Learned a level 9 spell: Dragon's Call
 60259 | Zot:5    | Entered Level 5 of the Realm of Zot
 60681 | Zot:5    | Acquired 1369 gold pieces
 60716 | Zot:5    | Noticed an ancient lich
 60728 | Zot:5    | Killed an ancient lich
 60730 | Zot:5    | Reached skill level 22 in Dodging
 60754 | Zot:5    | Noticed an ancient lich
 60762 | Zot:5    | Killed an ancient lich
 60762 | Zot:5    | Noticed an orb of fire
 60769 | Zot:5    | Killed an orb of fire
 60769 | Zot:5    | Noticed a Killer Klown
 60771 | Zot:5    | Noticed an orb of fire
 60774 | Zot:5    | Gained mutation: You are frail. (-10% HP) [an orb of fire]
 60778 | Zot:5    | Killed a Killer Klown
 60783 | Zot:5    | Killed an orb of fire
 61021 | Zot:4    | Lost mutation: You are frail. (-10% HP) [potion of
                  | mutation]
 61021 | Zot:4    | Lost mutation: Your body sometimes deteriorates upon taking
                  | damage. [potion of mutation]
 61021 | Zot:4    | Gained mutation: You have hidden genetic potential. [potion
                  | of mutation]
 61021 | Zot:4    | Gained mutation: You are agile. (Dex +4, Str/Int -1)
                  | [potion of mutation]
 61021 | Zot:4    | Gained mutation: You have very sharp teeth. [potion of
                  | mutation]
 61021 | Zot:4    | Gained mutation: Your flesh is almost immune to the effects
                  | of heat. (rF+++) [potion of mutation]
 61489 | Zot:5    | Noticed an orb of fire
 61495 | Zot:5    | Gained mutation: Your spells are a little easier to cast,
                  | but a little less powerful. [an orb of fire]
 61497 | Zot:5    | Killed an orb of fire
 61506 | Zot:5    | Lost mutation: You have very sharp teeth. [potion of
                  | mutation]
 61506 | Zot:5    | Lost mutation: Your flesh is almost immune to the effects
                  | of heat. (rF+++) [potion of mutation]
 61506 | Zot:5    | Gained mutation: You are very agile. (Dex +8, Str/Int -2)
                  | [potion of mutation]
 61507 | Zot:5    | Lost mutation: You are very agile. (Dex +8, Str/Int -2)
                  | [potion of mutation]
 61507 | Zot:5    | Lost mutation: Your spells are a little easier to cast, but
                  | a little less powerful. [potion of mutation]
 61507 | Zot:5    | Lost mutation: You have hidden genetic potential. [potion
                  | of mutation]
 61507 | Zot:5    | Gained mutation: You occasionally lose the ability to drink
                  | potions when taking damage. [potion of mutation]
 61507 | Zot:5    | Gained mutation: You are partially covered in iridescent
                  | scales. (AC +2) [potion of mutation]
 61507 | Zot:5    | Gained mutation: You expend health (3 HP) to strengthen
                  | your wands. [potion of mutation]
 61526 | Zot:5    | Noticed an ancient lich
 61531 | Zot:5    | Noticed an orb of fire
 61531 | Zot:5    | Noticed an orb of fire
 61768 | Zot:5    | Killed an orb of fire
 61825 | Zot:5    | Killed an orb of fire
 61826 | Zot:5    | Banished an ancient lich
 61849 | Zot:5    | Noticed a Killer Klown
 61856 | Zot:5    | Killed a Killer Klown
 62137 | Zot:5    | Noticed an orb of fire
 62149 | Zot:5    | Killed an orb of fire
 62154 | Zot:5    | Noticed an orb of fire
 62157 | Zot:5    | Noticed an orb of fire
 62167 | Zot:5    | Killed an orb of fire
 62178 | Zot:5    | Killed an orb of fire
 62191 | Zot:5    | Noticed an ancient lich
 62197 | Zot:5    | Killed an ancient lich
 62382 | Zot:5    | Noticed an orb of fire
 62384 | Zot:5    | Noticed an orb of fire
 62390 | Zot:5    | Killed an orb of fire
 62391 | Zot:5    | Reached skill level 23 in Dodging
 62392 | Zot:5    | Killed an orb of fire
 62531 | Zot:5    | Lost mutation: You occasionally lose the ability to drink
                  | potions when taking damage. [potion of mutation]
 62531 | Zot:5    | Lost mutation: You are partially covered in iridescent
                  | scales. (AC +2) [potion of mutation]
 62531 | Zot:5    | Gained mutation: Your spells are a little easier to cast,
                  | but a little less powerful. [potion of mutation]
 62531 | Zot:5    | Lost mutation: You are agile. (Dex +4, Str/Int -1) [potion
                  | of mutation]
 62532 | Zot:5    | Lost mutation: Your spells are a little easier to cast, but
                  | a little less powerful. [potion of mutation]
 62532 | Zot:5    | Lost mutation: You expend health (3 HP) to strengthen your
                  | wands. [potion of mutation]
 62532 | Zot:5    | Gained mutation: Your flesh is almost immune to the effects
                  | of heat. (rF+++) [potion of mutation]
 62533 | Zot:5    | Lost mutation: Your flesh is almost immune to the effects
                  | of heat. (rF+++) [potion of mutation]
 62534 | Zot:5    | Gained mutation: You occasionally lose the ability to read
                  | scrolls when taking damage. [potion of mutation]
 62535 | Zot:5    | Lost mutation: You occasionally lose the ability to read
                  | scrolls when taking damage. [potion of mutation]
 62535 | Zot:5    | Gained mutation: You have hidden genetic potential. [potion
                  | of mutation]
 62537 | Zot:5    | Got the Orb of Zot
 62557 | Zot:5    | Noticed a Killer Klown
 62678 | Depths:4 | Noticed Ekkumes the pandemonium lord
 63151 | D:1      | Reached ****** piety under Ashenzari
 63153 | D:$      | Escaped with the Orb!

Illustrated notes

Levels and vault maps discovered:
D:1:      dpeg_arrival_windows_large_door, layout_basic
D:2:      layout_loops_ring, nrook_mini_backslash, kennysheep_decorative_pillar,
          uniq_terence
D:3:      layout_basic
D:4:      layout_loops_ring, general_overflow_altar, temple_fountains
D:5:      layout_layer_cave, nicolae_underground_beach, uniq_duvessa,
          uniq_blork_the_orc
D:6:      layout_rooms, ashenzari_altar_1, nicolae_tso_swordbearing_angel,
          lightli_sewer_entry_pipes
D:7:      layout_loops_ring, nicolae_overflow_crystal_walls,
          mainiacjoe_overflow_catwalk_spiral, hellmonk_ghost_happy_afterlife,
          nicolae_nh_ransacked_shop
D:8:      layout_basic, lair_entry_dummy, gammafunk_ghost_smash,
          amcnicky_mini_rare_corridor_liquid, minmay_misc_feat_four_crosses,
          nrook_mini_vaults, chequers_serial_rivers_large_b,
          serial_bayou_lagoon_b
D:9:      layout_layer_cave, mainiacjoe_overflow_small_starburst, uniq_joseph
D:10:     layout_rooms, minmay_overflow_temple_star_quad
D:11:     layout_loops_cross, kennysheep_orc_monster_closet_entryway,
          minmay_statue_crystal_thing
D:12:     layout_roguey, special_room [special_room_orc],
          nicolae_shop_i_like_big_books, uniq_nessos
D:13:     layout_cave_pods, gammafunk_ghost_wrathful_warriors,
          nicolae_hepliaklqana_hazy_memory
D:14:     layout_gridville, lightli_vaults_fourway_checkpoint, uniq_josephine
D:15:     gammafunk_depths_entry_grave, layout_basic, special_room
          [special_room_orc], serial_park_tiny_1, serial_shops, shop,
          dreamdust_princess_corridor
Temple:   minmay_temple_forest_path
Lair:1:   layout_misc_corridors, mumra_transporter_accident,
          pdpol_lair_neglected_garden, lemuel_fruit_tree
Lair:2:   layout_roguey, serial_bayou_shore_b
Lair:3:   layout_cave_pods, elwin_shoals_entry_rocks, dummy_spider_entry,
          grunt_megastairs_1, infiniplex_staircase_pool
Lair:4:   layout_misc_corridors, slime_entry_1
Lair:5:   hangedman_lair_caniforms_friends, layout_long_grid,
          hangedman_lair_tendril_chambers, uniq_kirke
Shoals:1: layout_shoals, gammafunk_ghost_necromancy,
          nicolae_shoals_square_sea_wall, uniq_jorgrun
Shoals:2: layout_shoals, serial_shops, shop_statue, nicolae_shoals_c_island
Shoals:3: layout_shoals, gammafunk_ghost_berserking_beasts
Shoals:4: shoals_end_hangedman, layout_shoals, serial_shops, shop,
          nicolae_shoals_stone_sculpture_thing, uniq_polyphemus
Spider:1: layout_spider_delve, nicolae_spider_baby_got_redback, uniq_frances
Spider:2: layout_cave_pods, portal_ice_cave_entry_frozen_things,
          nicolae_spider_nook
Spider:3: layout_chambers
Spider:4: grunt_spider_rune_parallel
Orc:1:    layout_caves, serial_shops, nicolae_shop_tiny_waterfront
Orc:2:    grunt_orc_tribal_feast, layout_caves, basic_altar,
          hangedman_minor_magic
Vaults:1: nicolae_vaults_border_crossing, nicolae_vaults_two_Ls, v_misc_13,
          nicolae_vaults_tetromino_T_1, nicolae_vaults_alarming,
          vaults_dpeg_spiral, layout_vaults_quadrants, uniq_aizul
Vaults:2: hangedman_vaults_cutoff, minmay_crypt_entry_simple_statues,
          ontoclasm_vaults_spin, nicolae_vaults_specimen_jars,
          nicolae_vaults_network_s, dpeg_vaults_monster_row,
          nicolae_vaults_trapezoid_1, grunt_vaults_bifocal,
          vaults_dpeg_emergency_exit, grunt_vaults_swirl,
          nicolae_vaults_apartment_2, nicolae_vaults_house_3, vaults_room_grid,
          nicolae_vaults_layer_cake_slice, layout_vaults_omnicross,
          serial_shops, shop, uniq_nikola
Vaults:3: nicolae_vaults_little_squares_6, hangedman_vaults_capsules,
          nicolae_vaults_little_squares_6, vaults_room_boxed,
          nicolae_vaults_big_angled_halls, ontoclasm_vaults_fault,
          vaults_room_pool, nicolae_vaults_storage_room_glass,
          vaults_room_door_hall, nicolae_vaults_circle_grid_b, vaults_mumra_hex,
          layout_vaults_ring
Vaults:4: nicolae_vaults_network_quinsquares
          [nicolae_vaults_network_quincunx_subvault,
          nicolae_vaults_network_quincunx_subvault,
          nicolae_vaults_network_quincunx_subvault,
          nicolae_vaults_network_quincunx_subvault], v_alt_pattern_2,
          st_lattice, nicolae_vaults_double_plus_3,
          nicolae_vaults_stairing_the_circle, nicolae_vaults_weapon_check,
          nicolae_vaults_apartment_1, nicolae_vaults_trapezoid_1,
          vaults_room_grunt_arrival_ludios, layout_vaults_chaotic_city,
          serial_shops, shop, nicolae_trove_entry_columns, uniq_margery
Vaults:5
Depths:1: layout_gridlike, nicolae_wwwww, rand_demon_pan_entry_5, serial_shops,
          nicolae_shop_window_shopping, hell_entry, fake_guardian_serpent_vault,
          serial_bayou_shore_b, roderic_lattice_octagonal_star
Depths:2: minmay_connected_triangles_in_corner, layout_twisted_cross,
          hell_entry, kennysheep_nondescript, serial_shops, shop,
          grunt_pan_entry_spiral, serial_bayou_shore_a
Depths:3: hangedman_arrow_trap, layout_cave_pools, enter_ziggurat_a,
          nicolae_abyss_entry_one_way_or_another, minmay_misc_feat_rows,
          pf_coc_iceberg, infiniplex_staircase_pool_2
Depths:4: grunt_twist_and_shout, layout_small_grid, bh_walls_and_bars,
          grunt_mini_vestibule, uniq_sojobo
Hell
Zot:1:    nicolae_zot_draconian_monastery, layout_misc_corridors,
          nicolae_lava_and_water, nicolae_rock_paper_scissors
Zot:2:    grunt_zot_stairs_faceoff, layout_misc_corridors
Zot:3:    layout_gridville
Zot:4:    layout_basic, uniq_parghit, uniq_tiamat
Zot:5:    layout_basic, grunt_ministairs_4, kennysheep_underground_church

Skill      XL: |  1  2  3  4  5  6  7  8  9 10 11 12 13 14 15 16 17 18 19 20 21 22 23 24 25 26 27 |
---------------+----------------------------------------------------------------------------------+-----
Fighting       | 1 2 3 4 5 7 8 10 11 12 13 14 15 16 17 19 | 19.1
Stealth        | 2 3 4 5 6 7 8 10 11 12 13 14 15 16 17 | 17.0
Dodging        | 3 4 5 6 7 9 10 11 13 16 17 18 19 20 21 23 | 23.2
Spellcasting   | 4 5 6 7 9 10 11 13 14 15 16 17 18 19 | 19.1
Armour         | 3 5 7 8 9 10 11 12 14 15 16 18 | 18.5
Shields        | 1 5 6 8 11 13 15 16 17 18 19 20 21 | 21.5

Action                     |  1- 3 |  4- 6 |  7- 9 | 10-12 | 13-15 | 16-18 | 19-21 | 22-24 | 25-27 || total
---------------------------+-------+-------+-------+-------+-------+-------+-------+-------+-------++-------
  Melee: Unarmed           |       |       |     1 |       |       |       |       |       |       ||     1
         Rapier            |       |       |       |       |       |     1 |     2 |       |     1 ||     4
   Cast: Magic Dart        |    37 |    41 |    93 |   126 |    54 |     1 |       |     2 |     5 ||   359
         Searing Ray       |    15 |    19 |    83 |   108 |    38 |     4 |       |       |       ||   267
         Iskenderun's Myst |       |     1 |       |    51 |   166 |   136 |    22 |    53 |     3 ||   432
         Summon Small Mamm |       |       |     1 |     1 |       |       |       |       |       ||     2
         Dazzling Flash    |       |       |     1 |       |     1 |       |       |       |       ||     2
         Fulminant Prism   |       |       |     2 |    79 |   171 |   222 |    11 |    20 |       ||   505
         Volatile Blastmot |       |       |       |     2 |       |       |       |       |       ||     2
         Passwall          |       |       |       |     1 |       |     1 |       |       |       ||     2
         Summon Mana Viper |       |       |       |       |    13 |    11 |    10 |    11 |     5 ||    50
         Conjure Ball Ligh |       |       |       |       |    22 |    69 |   120 |    46 |     1 ||   258
         Lee's Rapid Decon |       |       |       |       |    12 |     3 |    12 |    59 |    16 ||   102
         Malign Gateway    |       |       |       |       |       |    40 |    52 |    66 |    54 ||   212
         Ozocubu's Refrige |       |       |       |       |       |       |    62 |   109 |    10 ||   181
         Spellforged Servi |       |       |       |       |       |       |    10 |    15 |   102 ||   127
         Summon Horrible T |       |       |       |       |       |       |       |    16 |     6 ||    22
         Lehudib's Crystal |       |       |       |       |       |       |       |       |   237 ||   237
         Dragon's Call     |       |       |       |       |       |       |       |       |     5 ||     5
 Invoke: Curse Item        |       |       |       |     1 |     4 |     2 |     1 |       |     1 ||     9
  Evoke: Wand              |       |       |       |       |     4 |       |       |       |       ||     4
    Use: Scroll            |       |       |       |    16 |     4 |     6 |     2 |    10 |     8 ||    46
         Potion            |       |       |       |     5 |       |     1 |       |     7 |    13 ||    26
 Armour: Robe              |     2 |       |     8 |     9 |       |       |       |       |       ||    19
         Skin              |       |       |       |     1 |       |       |       |       |       ||     1
         Troll leather arm |       |       |       |     5 |    20 |    34 |    12 |    25 |    20 ||   116
  Dodge: Dodged            |     9 |    14 |    44 |    84 |    66 |   145 |    66 |   130 |   148 ||   706
  Block: Other             |       |       |       |       |    21 |    38 |    13 |       |       ||    72
         Reflection        |       |       |       |       |     2 |    13 |    46 |    20 |    16 ||    97
         Tower shield      |       |       |       |       |       |       |    75 |   266 |   198 ||   539
